 Dungeon Crawl Stone Soup version 0.26-a0-244-g083ca260ac (webtiles) character file.

Game seed: 14246450117094943137

1801 BritishOli the Skirmisher (level 8, -1/64 HPs)
             Began as a Demonspawn Gladiator on July 8, 2020.
             Was a Follower of Okawaru.
             Succumbed to a killer bee's poison
             ... on level 7 of the Dungeon.
             The game lasted 00:13:34 (9571 turns).

BritishOli the Skirmisher (Demonspawn Gladiator)    Turns: 9571, Time: 00:13:34

Health: -1/64      AC:  8    Str: 16    XL:     8   Next: 83%
Magic:  7/8        EV: 12    Int: 10    God:    Okawaru [*.....]
Gold:   238        SH:  0    Dex: 15    Spells: 7/7 levels left

rFire    . . .     SeeInvis .   a - +0 long sword
rCold    . . .     Faith    .   (no shield)
rNeg     . . .     Spirit   .   b - +0 scale mail
rPois    .         Reflect  .   (helmet restricted)
rElec    .         Harm     .   u - +0 cloak (curse)
rCorr    .                      (no gloves)
MR       +....                  (no boots)
Stlth    ..........             (no amulet)
HPRegen  0.20/turn              t - ring of protection from magic
MPRegen  0.11/turn              (no ring)

@: lethally poisoned (-1 -> -24), hasted, very quick
A: antennae 1, powered by death 1, powered by pain 1
a: Heroism, Renounce Religion


You were on level 7 of the Dungeon.
You worshipped Okawaru.
Okawaru was aware of your devotion.
You were not hungry.

You visited 2 branches of the dungeon, and saw 8 of its levels.

You collected 238 gold pieces.

Inventory:

Hand Weapons
 a - a +0 long sword (weapon)
Missiles
 d - a throwing net (quivered)
Armour
 b - a +0 scale mail (worn)
 u - a cursed +0 cloak (worn)
Jewellery
 t - a ring of protection from magic (left hand)
Scrolls
 i - 2 scrolls of enchant armour
 k - a scroll of remove curse
 l - 2 scrolls of amnesia {unknown}
 n - a scroll of identify
 o - 2 scrolls of blinking {unknown}
 q - 3 scrolls of fear
 r - a scroll of teleportation {unknown}
 v - a scroll of summoning {unknown}
Potions
 e - a potion of resistance {unknown}
 g - a potion of might {unknown}
 h - 3 potions of stabbing
 j - a potion of magic {unknown}
 m - a potion of degeneration {unknown}
 p - a potion of berserk rage {unknown}
 s - a potion of flight {unknown}
Comestibles
 f - 3 rations


   Skills:
 + Level 6.3 Fighting
 + Level 6.0 Long Blades
 - Level 2.0 Throwing
 + Level 5.1 Armour
 - Level 5.2 Dodging


You had 7 spell levels left.
You didn't know any spells.
Your spell library contained the following spells:

 Spells                   Type           Power        Failure   Level
 Corona                   Hex            #......      77%         1
 Ensorcelled Hibernation  Hex/Ice        #.....       88%         2
 Confusing Touch          Hex            #.......     98%         3
 Dazzling Flash           Conj/Hex       #.....       98%         3
 Tukima's Dance           Hex            #.......     98%         3


Dungeon Overview and Level Annotations

Branches:
Dungeon (7/15)             Temple (1/1) D:6

Altars:
Ashenzari
Cheibriados
Dithmenos
Elyvilon
Hepliaklqana
Kikubaaqudgha
Okawaru
Qazlal
Ru
Sif Muna
Trog
Uskayaw
Wu Jian
Xom
Yredelemnul
Zin
The Shining One

Annotations:
D:6 Pikel, Prince Ribbit


Innate Abilities, Weirdness & Mutations

You have a pair of small antennae on your head.
You regenerate a little health from kills.
You sometimes gain a little power by taking damage.


Message History

Okawaru accepts your kill.
You feel like a meek peon again.
You feel sick. The killer bee barely misses you.
You closely miss the killer bee.
You feel sick. The killer bee stings you.
* * * LOW HITPOINT WARNING * * *
The killer bee stings you but does no damage.
Your scale mail prevents you from hitting the killer bee.
The killer bee barely misses you.
The killer bee stings you but does no damage.
You slash the killer bee!
The killer bee is heavily wounded.
You feel sick. The killer bee stings you!
* * * LOW HITPOINT WARNING * * *
You are lethally poisoned!
The killer bee poisons you! The killer bee stings you.
* * * LOW HITPOINT WARNING * * *
You are more poisoned.
The killer bee poisons you!
It was a potion of haste.
You feel yourself speed up.
You die...

.......##..######.
.#..####.##..# ####.
....####.##..# #....
#..........# #.###
#####...##.###.###
##.....#........ .
##.......####.#.#
#...####.........###....
......y@.........'......
....####.........###....
# ##.......## ###.#
##.....## #.# ##...##
#.# #+## #.# #.# #.# #.#


You could see a killer bee.

Vanquished Creatures
  Grinder (D:6)
  3 sky beasts
  3 ogres
  2 centaurs
  2 bullfrogs (D:6)
  2 scorpions
  5 killer bees (D:7)
  A hound (D:6)
  2 orc priests (D:6)
  An orc wizard (D:5)
  An iguana (D:6)
  3 worker ants
  A hound skeleton (D:4)
  7 adders
  5 gnolls (D:6)
  3 adder skeletons
  3 worms
  3 dart slugs
  4 leopard geckos
  17 orcs
  4 giant cockroaches
  14 goblins
  12 hobgoblins
  3 jackals (D:2)
  15 kobolds
  4 quokkas
  A ball python (D:3)
  6 bats
  3 frilled lizards
  A leopard gecko zombie (D:7)
  6 rats
138 creatures vanquished.

Notes
Turn   | Place    | Note
-------+----------+-------------------------------------------
     0 | D:1      | BritishOli the Demonspawn Gladiator began the quest for the
                  | Orb.
     0 | D:1      | Reached XP level 1. HP: 16/16 MP: 1/1
    79 | D:1      | Gained mutation: You regenerate a little health from kills.
                  | [demonic ancestry]
    79 | D:1      | Reached XP level 2. HP: 19/22 MP: 2/2
   782 | D:2      | Reached XP level 3. HP: 28/28 MP: 3/3
   812 | D:2      | Reached skill level 1 in Armour
  1092 | D:2      | Found a glowing golden altar of the Shining One.
  1892 | D:3      | Found a faded altar of an unknown god.
  1973 | D:3      | Reached XP level 4. HP: 24/34 MP: 4/4
  2765 | D:4      | Reached XP level 5. HP: 11/41 MP: 5/5
  3214 | D:4      | Noticed an ogre
  3222 | D:4      | Killed an ogre
  3333 | D:4      | You fall into a shaft and drop 1 floor!
  3333 | D:5      | Entered Level 5 of the Dungeon
  3348 | D:5      | HP: 2/41 [scorpion (6)]
  3352 | D:5      | Gained mutation: You have a pair of small antennae on your
                  | head. [demonic ancestry]
  3352 | D:5      | Reached XP level 6. HP: 19/47 MP: 6/6
  3625 | D:5      | Noticed a sky beast
  3709 | D:5      | Noticed a sky beast
  4193 | D:5      | HP: 2/48 [sky beast (5)]
  4203 | D:5      | HP: 2/48 [something (5)]
  4309 | D:5      | Killed a sky beast
  4309 | D:5      | Gained mutation: You sometimes gain a little power by
                  | taking damage. [demonic ancestry]
  4309 | D:5      | Reached XP level 7. HP: 24/54 MP: 7/7
  6045 | D:6      | Noticed Prince Ribbit
  6181 | D:6      | Found a staircase to the Ecumenical Temple.
  6190 | Temple   | Entered the Ecumenical Temple
  6299 | Temple   | Became a worshipper of Warmaster Okawaru
  6327 | D:6      | Noticed Grinder
  6375 | D:6      | Killed Grinder
  6651 | D:6      | Noticed Pikel
  6783 | D:6      | Reached skill level 5 in Fighting
  6783 | D:6      | Reached skill level 5 in Long Blades
  6783 | D:6      | Reached skill level 5 in Dodging
  6783 | D:6      | Reached XP level 8. HP: 16/62 MP: 8/8
  7431 | D:6      | Reached * piety under Okawaru
  9104 | D:7      | Found a glowing silver altar of Zin.
  9555 | D:7      | Reached skill level 5 in Armour
  9570 | D:7      | HP: 1/64 [killer bee (6)]
  9571 | D:7      | Succumbed to a killer bee's poison

Illustrated notes

Levels and vault maps discovered:
D:1:      lordsloth_arrival_two_stooges, layout_basic, minmay_small_reverse_x
D:2:      layout_basic, tso_metal_star
D:3:      layout_loops_ring, chequers_ecumenical_altar_island
D:4:      layout_gridville, nicolae_gozag_cash_rules_everything_around_me
D:5:      layout_basic, first_ration
D:6:      corexii_shantytown, layout_basic, minmay_temple_entry_junction_2,
          gammafunk_ghost_cemetery, chequers_big_river, uniq_prince_ribbit1,
          uniq_pikel, uniq_grinder
D:7:      layout_loops_corners, kennysheep_mini_moat
Temple:   kb_temple_of_zot

Skill      XL: |  1  2  3  4  5  6  7  8 |
---------------+-------------------------+-----
Throwing       | 2 |  2.0
Dodging        | 3 4 5 |  5.2
Long Blades    | 3 4 5 6 |  6.0
Armour         | 1 2 3 5 |  5.1
Fighting       | 3 4 5 6 |  6.3

Action                   |  1- 3 |  4- 6 |  7- 9 || total
-------------------------+-------+-------+-------++-------
Melee: Long sword        |   144 |   153 |   308 ||   605
Throw: Throwing net      |       |     4 |     2 ||     6
Invok: Heroism           |       |       |     1 ||     1
  Use: Potion            |       |     5 |     1 ||     6
       Scroll            |       |       |     4 ||     4
 Stab: Held in net/web   |       |     4 |     1 ||     5
  Eat: Ration            |     1 |     2 |     5 ||     8
Armor: Leather armour    |    41 |       |       ||    41
       Ring mail         |       |    57 |    41 ||    98
       Scale mail        |       |       |    53 ||    53
Dodge: Dodged            |   122 |   120 |   228 ||   470
       Rpst.: Long sword |    37 |    42 |    87 ||   166

Table legend:
 A = Non-vault XP
 B = Vault XP
 C = Vault XP percentage of total XP
 D = Non-vault monster count
 E = Vault monster count
 F = Vault count percentage of total count
                 A         B        C        D         E       F
            +---------+---------+-------+---------+---------+-------
      Total |    2199 |     375 |  14.6 |     107 |      31 |  22.5
            +---------+---------+-------+---------+---------+-------
        D:1 |      27 |       6 |  18.2 |      15 |       4 |  21.1
        D:2 |      47 |       0 |   0.0 |      25 |       0 |   0.0
        D:3 |      76 |       0 |   0.0 |      15 |       0 |   0.0
        D:4 |     213 |       0 |   0.0 |       4 |       0 |   0.0
        D:5 |     450 |       0 |   0.0 |      16 |       0 |   0.0
        D:6 |     649 |     369 |  36.2 |      15 |      27 |  64.3
        D:7 |     737 |       0 |   0.0 |      17 |       0 |   0.0
            +---------+---------+-------+---------+---------+-------
